 Dungeon Crawl Stone Soup version 0.27-a0-1191-g601b473118 (webtiles) character file.

Game seed: 11853060751324871327

143 st0uf the Slasher (level 5, -9/69 HPs)
             Began as a Draconian Berserker on May 23, 2021.
             Was a Believer of Trog.
             Mangled by Sigmund
             ... wielding a +6 scythe of protection
              (15 damage)
             ... on level 3 of the Dungeon.
             The game lasted 00:05:19 (3051 turns).

st0uf the Slasher (Draconian Berserker)             Turns: 3051, Time: 00:05:19

Health: -9/69      AC:  5    Str: 19    XL:     5   Next: 4%
Magic:  5/5        EV: 12    Int:  8    God:    Trog [**....]
Gold:   146        SH:  0    Dex: 11    Spells: 4/4 levels left

rFire    . . .     SeeInvis .   a - +0 falchion
rCold    . . .     Faith    .   (no shield)
rNeg     . . .     Spirit   .   (armour unavailable)
rPois    .         Reflect  .   (helmet restricted)
rElec    .         Harm     .   (no cloak)
rCorr    .         Rampage  .   (no gloves)
Will     ++...                  (no boots)
Stlth    ..........             (no amulet)
HPRegen  1.21/turn              (no ring)
MPRegen  0.09/turn              (no ring)

@: berserking, strong-willed, regenerating, very quick
A: AC +5, unfitting armour, cold-blooded
a: Renounce Religion, Berserk, Trog's Hand


You were on level 3 of the Dungeon.
You worshipped Trog.
Trog was pleased with you.
You visited 1 branch of the dungeon, and saw 3 of its levels.

You collected 146 gold pieces.

Inventory:

Hand Weapons
 a - a +0 falchion (weapon)
Scrolls
 c - a scroll of fear {unknown}
 e - 2 scrolls of teleportation {unknown}
 g - a scroll of amnesia {unknown}
 h - a scroll of blinking {unknown}
 i - a scroll of fog {unknown}
 j - 2 scrolls of identify {unknown}
Potions
 b - a potion of flight
 f - a potion of degeneration {unknown}


   Skills:
 + Level 4.1 Fighting
 + Level 4.6 Long Blades
 + Level 3.3 Dodging
 + Level 0.9 Stealth


You had 4 spell levels left.
You didn't know any spells.
Your spell library was empty.

Dungeon Overview and Level Annotations

Branches:
Dungeon (3/15)

Altars:
Hepliaklqana
Okawaru
Zin

Shops:
D:2 (   D:3 :

Annotations:
D:3 Sigmund


Innate Abilities, Weirdness & Mutations

Your plain brown scales are hard. (AC +5)
You cannot fit into any form of body armour.
You are cold-blooded and may be slowed by cold attacks.


Message History

You tail-slap the adder, but do no damage.
The adder is severely wounded.
The adder misses you.
You miss the adder.
The adder is severely wounded.
The adder barely misses you.
You riposte.
You hit the adder.
You kill the adder!
Trog accepts your kill.
You have reached level 5!
You see here an adder corpse.
j - 2 scrolls labelled VEOHE COYXZAA (gained 1)
An endoplasm and Sigmund come into view.
Sigmund is wielding a +6 scythe of protection.
Okay, then.
Okay, then.
Sigmund shouts!
The endoplasm quivers.
Sigmund points at you and mumbles some strange words.
The magic dart hits you.
Sigmund points at you and mumbles some strange words.
The magic dart hits you. Sigmund casts a spell at you.
The puff of flame hits you.
Sigmund giggles. "Time to reap what you sow."
Sigmund hits you from afar with a +6 scythe of protection!
Sigmund hits you with a +6 scythe of protection.
* * * LOW HITPOINT WARNING * * *
Your skin crawls.
You feel strong-willed.
Sigmund hits you with a +6 scythe of protection.
* * * LOW HITPOINT WARNING * * *
A red film seems to cover your vision as you go berserk!
You feel yourself moving faster!
You feel mighty!
Sigmund hits you with a +6 scythe of protection!
* * * LOW HITPOINT WARNING * * *
You barely miss Sigmund. You barely miss Sigmund. You tail-slap Sigmund!
Sigmund is moderately wounded.
Sigmund hits you with a +6 scythe of protection!
You die...

#.##.##.####.
#.##.##.#####
#.##.#.......
######.##†#..#####
#.........#..#####
#.####............
#.# #############
#.# ##...## # #@#
#≈._.≈###### #@#
#≈...≈##.... #J#
#≈...≈##.### #.#
#≈...≈##.# # #.#
#≈...≈##.# #.#
##...##..# #..
##)######
#########.##.#
#......##.#####


You could see Sigmund and an endoplasm.

Vanquished Creatures
  Robin (D:3)
  4 adders
  A worm (D:2)
  A dart slug (D:2)
  8 orcs (D:3)
  8 ball pythons
  5 bats
  7 endoplasms
  2 giant cockroaches
  7 hobgoblins
  4 jackals (D:1)
  A quokka (D:2)
  4 frilled lizards
  13 goblins
  A jackal skeleton (D:2)
  4 kobolds
  8 rats
  A spectral goblin (D:3)
80 creatures vanquished.

Notes
Turn   | Place    | Note
-------+----------+-------------------------------------------
     0 | D:1      | st0uf the Draconian Berserker began the quest for the Orb.
     0 | D:1      | Reached XP level 1. HP: 19/19 MP: 1/1
    39 | D:1      | Reached XP level 2. HP: 21/26 MP: 2/2
   643 | D:1      | Found a faded altar of an unknown god.
  1059 | D:1      | Reached XP level 3. HP: 32/33 MP: 3/3
  1354 | D:2      | Reached ** piety under Trog
  1540 | D:2      | Found Amoruoj's Weapon Shoppe.
  1886 | D:2      | Reached XP level 4. HP: 40/40 MP: 4/4
  2234 | D:3      | Found a glowing silver altar of Zin.
  2236 | D:3      | Found an iron altar of Okawaru.
  2244 | D:3      | Found Kumufuus's Book Shoppe.
  2415 | D:3      | Found a hazy altar of Hepliaklqana.
  2603 | D:3      | Noticed Robin
  2644 | D:3      | Killed Robin
  3020 | D:3      | Reached XP level 5. HP: 46/46 MP: 5/5
  3041 | D:3      | Noticed Sigmund
  3051 | D:3      | Mangled by Sigmund

Illustrated notes

Levels and vault maps discovered:
D:1:      noname_arrival_rooms_in_the_neighbourhood, layout_basic,
          hellmonk_ecumenical_altar_crossroads
D:2:      layout_rooms, serial_shops,
          nicolae_shop_temple_entry_statues_fountains
D:3:      layout_loops_ring, nicolae_hepliaklqana_monster_ancestors,
          grunt_temple_overflow_open, serial_shops, nicolae_shop_waterfront,
          serial_glass, glass_columns_a, glass_columns_b, grunt_ministairs_1,
          uniq_sigmund, uniq_robin

Skill      XL: |  1  2  3  4 |
---------------+-------------+-----
Dodging        | 3 |  3.3
Fighting       | 4 |  4.1
Long Blades    | 4 |  4.6
Stealth        | |  0.9

Action                   |  1- 3 |  4- 6 || total
-------------------------+-------+-------++-------
Melee: Falchion          |   109 |    93 ||   202
       Tailslap          |    13 |    14 ||    27
Invok: Berserk           |     1 |     2 ||     3
       Trog's Hand       |       |     1 ||     1
  Use: Potion            |       |     2 ||     2
 Stab: Sleeping          |     1 |     1 ||     2
Armor: Skin              |    31 |    15 ||    46
Dodge: Dodged            |    83 |    53 ||   136
       Rpst.: Falchion   |    26 |    23 ||    49

Table legend: (Time is in decaauts)
 A = Elapsed time spent in this place.
 B = Non-inter-level travel time spent in this place.
 C = Inter-level travel time spent in this place.
 D = Time resting spent in this place.
 E = Time spent auto-exploring this place.
 F = Levels seen in this place.
 G = Mean time per level.
                   A        B        C        D        E       F      G
               +--------+--------+--------+--------+--------+-----+--------+
         Total |   3095 |   3034 |     61 |    418 |   2063 |   3 | 1031.7 |
       Dungeon |   3095 |   3034 |     61 |    418 |   2063 |   3 | 1031.7 |
               +--------+--------+--------+--------+--------+-----+--------+

Top non-repeatable levels by time:
     D:1: 1490 daAuts
     D:3: 986 daAuts
     D:2: 618 daAuts
